AoeStats
← NuMa | JuanMan

Black Forest

505436136Analyzed
1v1 RM · 23d ago on Sep 9, 2026· 38m 42s· 2 players
Game mode
Random Map
Map size
Tiny (2 player)
Population
200
Speed
Normal
Resources
Standard
Victory
Conquest
Starting age
Dark Age
Ending age
Imperial Age
RankedLock teamsTeams togetherTeam positionsShared explorationLock speedFull tech treeHidden civsTurbo modeCheats
Victory
Defeat
🇨🇴 Japanese · Colombia
1583
+14
🇫🇷 Huns · France
1541
-14
Dromi
1:02 Loom
13:16 Feudal Age
23:53 Castle Age
22:49 Double-Bit Axe
22:45 Horse Collar
23:27 Fletching
26:01 Bow Saw
31:13 Scale Barding Armor
31:18 Forging
34:28 Chain Barding Armor
35:27 Marauders
37:24 Bloodlines
37:54 Wheelbarrow
37:04 Town Watch
NuMa | JuanMan
6:41 Loom
9:33 Feudal Age
9:34 Man-at-Arms
10:41 Arson
12:58 Double-Bit Axe
14:35 Horse Collar
22:15 Castle Age
20:12 Gold Mining
20:14 Stone Mining
24:27 Bow Saw
24:18 Heavy Plow
29:36 Imperial Age
29:31 Gold Shaft Mining
29:13 Scale Mail Armor
29:23 Forging
29:39 Squires
29:25 Gambesons
30:21 Chain Mail Armor
33:19 Kataparuto
35:56 Plate Mail Armor
Connection lost

Rejoining the realm…

Still unreachable

The connection could not be restored.

Session expired

The server has moved on; the page needs a fresh start.